 Dungeon Crawl Stone Soup version 0.19.1 (webtiles) character file.

205 empire the Conjurer (level 5, -9/31 HPs)
             Began as a High Elf Conjurer on Dec 13, 2016.
             Mangled by an ogre
             ... wielding a cursed -2 giant club
              (10 damage)
             ... on level 4 of the Dungeon.
             The game lasted 00:12:44 (3688 turns).

empire the Conjurer (High Elf Conjurer)             Turns: 3688, Time: 00:12:45

Health: -9/31      AC:  7    Str:  7    XL:     5   Next: 53%
Magic:  5/12       EV: 13    Int: 20    God:
Gold:   165        SH:  0    Dex: 15    Spells: 3 memorised, 4 levels left

rFire  + . .     SeeInvis .     a - +1 blowgun
rCold  + . .     Gourm    .     g - +0 robe
rNeg   . . .     Faith    .     (no shield)
rPois  +         Spirit   .     (no helmet)
rElec  +         Reflect  .     (no cloak)
rCorr  +         Harm     .     s - +2 pair of gloves
MR     .....                    f - +1 pair of boots
Stlth  ++........               (no amulet)
                                (no ring)
                                (no ring)

@: resistant
A: no striking features
a: no special abilities


You were on level 4 of the Dungeon.
You were not hungry.

You visited 1 branch of the dungeon, and saw 4 of its levels.

You collected 165 gold pieces.

Inventory:

Hand Weapons
 a - a +1 blowgun (weapon)
 b - a +1 dagger of venom
 d - a +1 dagger
 n - a +0 whip of draining
Missiles
 e - 32 poisoned needles (quivered)
 p - 3 needles of confusion
 t - 19 arrows
Armour
 f - a +1 pair of boots (worn)
 g - a +0 robe (worn)
 s - a +2 pair of gloves (worn)
Magical Staves
 w - an uncursed staff of earth
Jewellery
 l - an uncursed ring of resist corrosion {unknown}
Wands
 m - a wand of enslavement (9/24)
Scrolls
 h - a scroll of fog
Potions
 r - a potion of curing
Books
 k - a book of Conjurations

   Spells                             Type                      Level
   a - Magic Dart                     Conjuration                  1
   b - Searing Ray                    Conjuration                  2
   c - Dazzling Spray                 Conjuration/Hexes            3
   d - Fulminant Prism                Conjuration/Hexes            4
   e - Iskenderun's Mystic Blast      Conjuration                  4
   f - Iskenderun's Battlesphere      Conjuration/Charms           5
Comestibles
 c - 2 bread rations
 i - a beef jerky
 o - 2 slices of pizza
 u - 2 chunks of flesh


   Skills:
 + Level 1.6 Throwing
 - Level 2.1 Dodging
 - Level 2.1 Stealth
 - Level 4.2 Spellcasting
 - Level 5.7 Conjurations
 - Level 2.0 Hexes


You had 4 spell levels left.
You knew the following spells:

 Your Spells              Type           Power        Failure   Level  Hunger
a - Magic Dart            Conj           ####         1%          1    None
b - Dazzling Spray        Conj/Hex       ###...       10%         3    ###....
c - Iskenderun's Mystic   Conj           ####....     14%         4    ####...


Dungeon Overview and Level Annotations

Branches:
Dungeon (4/15)
 Temple: D:4-7

Altars:
Nemelex Xobeh

Annotations:
D:2 Terence


Message History

Aiming: Magic Dart
Press: ? - help, Shift-Dir - straight line, f/p - ogre
Aim: an ogre, wielding a giant club (severely wounded, blind)
The magic dart hits the ogre.
The ogre is almost dead.
The ogre hits you with a giant club!
* * * LOW HITPOINT WARNING * * *
It was a potion of resistance.
You feel protected. The ogre barely misses you.
Firing (i - inventory. (,) - cycle):
e - 33 poisoned needles (quivered)
Press: ? - help, Shift-Dir - straight line, f/p - ogre
Aim: an ogre, wielding a giant club (almost dead, blind)
You shoot a poisoned needle. The poisoned needle hits the ogre.
The ogre is poisoned.
The ogre is almost dead.
The adder hisses angrily.
The ogre is no longer blind.
The ogre hits you with a giant club!
You die...

## ## .. ..##. ...
.#####.############
(........S.O@.#...#
.############.#...#
............#
#########...# #.<.#
#####


You could see an ogre and an adder.

Vanquished Creatures
  Jessica (D:3)
  Ijyb (D:3)
  5 gnolls
  3 adders
  A worm (D:2)
  A dart slug (D:1)
  2 leopard geckos (D:1)
  2 orcs (D:3)
  3 giant cockroaches
  10 goblins
  10 hobgoblins
  A jackal (D:1)
  12 kobolds
  A quokka (D:2)
  8 bats
  5 frilled lizards
  A quokka skeleton (D:3)
  5 rats
72 creatures vanquished.

Notes
Turn   | Place    | Note
-------+----------+-------------------------------------------
     0 | D:1      | empire the High Elf Conjurer began the quest for the Orb.
     0 | D:1      | Reached XP level 1. HP: 11/11 MP: 4/4
   316 | D:1      | Reached XP level 2. HP: 17/17 MP: 1/6
  1356 | D:1      | Reached XP level 3. HP: 21/21 MP: 2/9
  1364 | D:1      | Reached skill level 5 in Conjurations
  1375 | D:1      | Learned a level 3 spell: Dazzling Spray
  1624 | D:2      | Noticed Terence
  1848 | D:2      | Reached XP level 4. HP: 27/27 MP: 6/11
  2129 | D:2      | Learned a level 4 spell: Iskenderun's Mystic Blast
  2425 | D:3      | Noticed Ijyb
  2441 | D:3      | Killed Ijyb
  2441 | D:3      | Reached skill level 1 in Hexes
  2666 | D:3      | Reached XP level 5. HP: 9/31 MP: 4/12
  3103 | D:3      | Noticed Jessica
  3104 | D:3      | Killed Jessica
  3104 | D:3      | Reached skill level 1 in Throwing
  3281 | D:3      | Found a sparkling altar of Nemelex Xobeh.
  3671 | D:4      | Noticed an ogre
  3683 | D:4      | HP: 1/31 [ogre/giant club (14)]
  3688 | D:4      | Mangled by an ogre

Skill      XL: |  1  2  3  4  5 |
---------------+----------------+-----
Spellcasting   | 3 4 |  4.2
Conjurations   | 5 |  5.7
Hexes          | 1 2 |  2.0
Throwing       | 1 |  1.6
Dodging        | |  2.1
Stealth        | |  2.1

Action                   |  1- 3 |  4- 6 || total
-------------------------+-------+-------++-------
Melee: Unarmed           |     1 |       ||     1
       Dagger            |    11 |    12 ||    23
 Fire: Blowgun           |       |    21 ||    21
 Cast: Magic Dart        |    74 |    57 ||   131
       Dazzling Spray    |       |     8 ||     8
       Iskenderun's Myst |       |     1 ||     1
  Use: Scroll            |     4 |     6 ||    10
       Potion            |       |     5 ||     5
 Stab: Sleeping          |     2 |     1 ||     3
  Eat: Chunk             |     3 |     6 ||     9
Armor: Robe              |     6 |     3 ||     9
Dodge: Dodged            |    15 |    34 ||    49
